 Dungeon Crawl Stone Soup version 0.30.1-11-g7821555f0a (webtiles) character file.

Game seed: 14784403333903864451

1320 Woods the Magician (level 8, -3/58 HPs)
             Began as a Djinni Conjurer on Nov 2, 2023.
             Was an Initiate of Ashenzari.
             Slain by a wight
             ... wielding a +3 spear
              (7 damage)
             ... on level 6 of the Dungeon.
             The game lasted 00:11:47 (4645 turns).

Woods the Magician (Djinni Conjurer)                Turns: 4645, Time: 00:11:47

Health: -3/58      AC:  2    Str:  6    XL:     8   Next: 90%
Gold:   271        EV: 14    Int: 21    God:    Ashenzari [......] SH:  0 Dex: 13

rFire   + + +        e - staff of fire
rCold   x . .        (no shield)
rNeg    . . .        a - +0 robe
rPois   ∞            (no helmet)
rElec   .            (no cloak)
rCorr   .            (no gloves)
SInv    .            (boots unavailable)
Will    .....        (no amulet)
Stlth   +++          (no ring)
HPRegen 0.29/turn    (no ring)
MPRegen 0.00/turn

%: infuse magic (-4 HP)
@: flying
A: sickness immunity, fire resistance 2, cold vulnerability 1, float, innate
caster, HP casting, extra vitality 1
a: Renounce Religion, Curse Item


You were on level 6 of the Dungeon.
You worshipped Ashenzari.
Ashenzari was noncommittal.
You visited 2 branches of the dungeon, and saw 7 of its levels.

You collected 341 gold pieces.
You spent 70 gold pieces at shops.

Inventory:

Missiles
 t - a throwing net
Armour
 a - a +0 robe (worn)
Magical Staves
 e - a staff of fire (weapon)
 j - a staff of cold
 p - a staff of poison
Jewellery
 n - a +6 ring of dexterity
Wands
 y - a wand of roots (9)
Scrolls
 b - 8 scrolls of teleportation
 c - 2 scrolls of identify
 d - a scroll of vulnerability {unknown}
 f - a scroll of fear {unknown}
 i - 2 scrolls of immolation
 l - 2 scrolls of enchant armour
 o - a scroll of noise {unknown}
 r - a scroll of amnesia {unknown}
 s - a scroll of torment {unknown}
 u - a scroll of poison {unknown}
 w - a scroll of blinking {unknown}
 x - a scroll of magic mapping {unknown}
Potions
 g - a potion of lignification {unknown}
 h - 2 potions of flight
 k - a potion of cancellation {unknown}
 m - 2 potions of curing
 q - 2 potions of attraction
 v - a potion of heal wounds {unknown}


   Skills:
 + Level 4.2 Fighting
 + Level 5.4 Dodging
 + Level 4.3 Stealth
 * Level 5.9 Spellcasting


You knew the following spells:

 Your Spells              Type           Power      Damage    Failure   Level
a - Magic Dart            Conj           100%       1d8       1%          1
b - Searing Ray           Conj           62%        2d6       1%          2
c - Dazzling Flash        Conj/Hex       62%        N/A       2%          3
d - Fulminant Prism       Conj/Hex       15%        3d10      9%          4
e - Iskenderun's Mystic   Conj/Tloc      31%        2d8       9%          4
f - Sandblast             Erth           62%        2d14      1%          1
g - Momentum Strike       Conj/Tloc      62%        3d9       1%          2
h - Frozen Ramparts       Ice            62%        1d10      2%          3
Your spell library was empty.

Dungeon Overview and Level Annotations

Branches:
Dungeon (6/15)             Temple (1/1) D:5

Altars:
Ashenzari
Cheibriados
Fedhas
Nemelex Xobeh
Uskayaw
Zin

Shops:
D:1 (   D:3 *   D:5 [?(


Innate Abilities, Weirdness & Mutations

You are immune to sickness and miasma.
You are immune to poison.
Your flesh is very heat resistant. (rF++)
You are vulnerable to cold. (rC-)
You float through the air rather than walking.
You learn spells naturally, not from books.
Your magical power is your life essence.
You have superior vitality. (+4 MHP)


Message History

The searing ray hits the wight.
The wight is moderately damaged.
The searing ray hits the wight.
The wight is lightly damaged.
The wight hits you from afar with a +3 spear!
The wight hits you with a +1 dagger.
The searing ray hits the wight.
The wight is heavily damaged.
The searing ray hits the wight.
The wight is heavily damaged.
The wight hits you from afar with a +3 spear.
The wight hits you with a +1 dagger.
The searing ray hits the wight.
The wight is severely damaged.
The searing ray hits the wight!
The wight is almost destroyed.
You finish channelling your searing ray.
The wight hits you from afar with a +3 spear.
* * * LOW HITPOINT WARNING * * *
The wight hits you with a +1 dagger.
* * * LOW HITPOINT WARNING * * *
Casting: Searing Ray (safe; 1% risk of failure)
Confirm with . or Enter, or press ? or * to list all spells.
Aiming: Searing Ray (safe; 1% risk of failure)
Press: ? - help, Shift-Dir - straight line The searing ray hits the wight but does no damage.
The wight is severely damaged.
The searing ray hits the wight but does no damage.
The wight is almost destroyed. (Press . to maintain the ray.)
* * * LOW HITPOINT WARNING * * *
The wight hits you from afar with a +3 spear.
* * * LOW HITPOINT WARNING * * *
The wight closely misses you.
The searing ray hits the wight.
The wight is almost destroyed.
The searing ray misses the wight.
* * * LOW HITPOINT WARNING * * *
The wight hits you from afar with a +3 spear!
You die...

######
###....#####...##.##
########....###
#...####.#
............## #...#
### ......##.....#
#..## ..######.....#
##..# #..# ##....##
#..## #..#
#.....###..# ##.##
#.....zz..## #..#
#....###@.## #..##
#...## ##..## #..#
##..## ##..# ###
#..###..## #).## ##.#
# #...##..#
##..###.##
.##.......# ##.....##
..........# ##...##.#
#.........##
###...###.####
##.....#...####.....#
#....#


You could see 2 wights.

Vanquished Creatures
  5 ogres
  2 phantoms
  A scorpion (D:4)
  3 wights (D:6)
  3 howler monkeys
  3 hounds
  2 jellies
  A gnoll bouda (D:5)
  An orc priest (D:5)
  An orc wizard (D:4)
  5 adders
  7 gnolls (D:5)
  A white imp (D:5)
  A worm (D:4)
  2 dart slugs
  2 orcs (D:5)
  11 endoplasms
  5 giant cockroaches
  7 goblins
  4 hobgoblins
  6 jackals
  7 quokkas
  A ball python (D:2)
  5 bats
  3 frilled lizards
  2 kobolds (D:2)
  2 rats
93 creatures vanquished.

Notes
Turn   | Place    | Note
-------+----------+-------------------------------------------
     0 | D:1      | Woods the Djinni Conjurer began the quest for the Orb.
     0 | D:1      | Woods set off with the following spells memorised: Magic
                  | Dart, Searing Ray, Dazzling Flash, Fulminant Prism,
                  | Iskenderun's Mystic Blast.
     0 | D:1      | Reached XP level 1. HP: 15/15 MP: 0/0
    96 | D:1      | Found Paejih's Antique Weapon Shop.
    98 | D:1      | Reached XP level 2. HP: 15/22 MP: 0/0
   820 | D:2      | Reached XP level 3. HP: 25/26 MP: 0/0
   820 | D:2      | Learned a level 1 spell: Sandblast
  1212 | D:2      | Reached skill level 1 in Fighting
  1212 | D:2      | Reached XP level 4. HP: 13/32 MP: 0/0
  1907 | D:3      | Found Enovesk's Assorted Antiques.
  1945 | D:3      | Reached XP level 5. HP: 27/38 MP: 0/0
  1945 | D:3      | Learned a level 2 spell: Momentum Strike
  2068 | D:3      | Found a hide-covered altar of Uskayaw.
  2225 | D:3      | Identified the +2 ring mail "Amuurref" {rC- Str+6 Int+2}
  2453 | D:3      | Found a blossoming altar of Fedhas.
  2585 | D:4      | Reached XP level 6. HP: 39/43 MP: 0/0
  3108 | D:5      | Entered Level 5 of the Dungeon
  3108 | D:5      | Found a staircase to the Ecumenical Temple.
  3111 | D:5      | Noticed an ogre
  3187 | D:5      | Noticed an ogre
  3205 | D:5      | Killed an ogre
  3206 | D:5      | Reached XP level 7. HP: 39/49 MP: 0/0
  3206 | D:5      | Learned a level 3 spell: Frozen Ramparts
  3234 | Temple   | Entered the Ecumenical Temple
  3265 | Temple   | Became a worshipper of Ashenzari the Shackled
  3498 | D:5      | Reached skill level 5 in Spellcasting
  3522 | D:4      | Reached XP level 8. HP: 42/56 MP: 0/0
  3633 | D:5      | Found Hon Eron's Weapon Boutique.
  3744 | D:5      | Found Siafro's Magic Scroll Shop.
  3754 | D:5      | Bought a scroll of teleportation for 42 gold pieces
  3754 | D:5      | Bought a scroll of identify for 28 gold pieces
  3926 | D:5      | Found Qampupod's Antique Armour Shoppe.
  3966 | D:5      | Reached skill level 5 in Dodging
  4645 | D:6      | Slain by a wight

Illustrated notes

Levels and vault maps discovered:
D:1:      dpeg_arrival_tiny_j, layout_rooms, serial_shops,
          nicolae_shop_tiny_waterfront, serial_corexii_hall,
          corexii_hall_statues_x, chequers_hall_statues_corner_a,
          corexii_hall_statues_deadend, corexii_hall_statues_i
D:2:      layout_loops_corners
D:3:      layout_basic, fedhas_altar_2, mainiacjoe_overflow_small_starburst,
          serial_shops, nicolae_shop_tiny_waterfront
D:4:      layout_rooms
D:5:      layout_cave_pools, minmay_temple_entry_offerings, serial_shops,
          nicolae_shop_behind_doors, shop, shop
D:6:      layout_layer_cave
Temple:   regret_index_temple_sphere_string

Skill      XL: |  1  2  3  4  5  6  7  8 |
---------------+-------------------------+-----
Stealth        | 2 3 4 |  4.3
Fighting       | 1 2 3 4 |  4.2
Dodging        | 3 4 5 |  5.4
Spellcasting   | 4 5 |  5.9

Action                     |  1- 3 |  4- 6 |  7- 9 || total
---------------------------+-------+-------+-------++-------
   Cast: Magic Dart        |    35 |    58 |    24 ||   117
         Searing Ray       |     6 |    25 |    27 ||    58
         Frozen Ramparts   |       |       |     3 ||     3
    Use: Scroll            |       |       |     5 ||     5
 Armour: Robe              |     1 |       |     3 ||     4
  Dodge: Dodged            |     6 |    18 |    13 ||    37
